Map: Simulacrum LE

Players

PartinG

  • Race: Protoss Protoss
  • League: Grandmaster
  • Spawn Location: 11:00

LiquidMaNa (MaNa) - Winner!

  • Race: Protoss Protoss
  • League: Master
  • Spawn Location: 5:00

Event: Shopify TSL 5

VOD

Have the link to the VOD?

Description

Time

  • Played on: May 16, 2020, 9:37 a.m.
  • Length: 13:44

All games in this series

Show
View Real Time Build Order
Export as new Build Order

PartinG Protoss 

Build Orders: Oracle Opening, Archon Immortal 

Get SALT Encoding   

  12  0:00  Probe  
  13  0:13  Probe  
  14  0:18  Pylon  
  14  0:25  Probe (Chrono Boost)  
  15  0:37  Probe (Chrono Boost), Gateway  
  16  0:45  Probe (Chrono Boost)  
  16  0:46  Assimilator  
  17  0:51  Probe  
  17  0:54  Assimilator  
  18  1:03  Probe (Chrono Boost)  
  19  1:07  Gateway  
  19  1:12  Probe (Chrono Boost)  
  19  1:17  Probe (Chrono Boost)  
  20  1:25  Cybernetics Core  
  21  1:29  Probe  
  22  1:35  Pylon  
  22  1:41  Probe  
  23  1:54  Probe  
  24  2:02  Warp Gate, Stalker x2  
  24  2:07  Probe  
  30  2:23  Pylon  
  30  2:25  Pylon  
  29  2:43  Stargate  
  29  2:48  Probe  
  30  2:54  Shield Battery  
  29  3:01  Probe  
  30  3:15  Nexus  
  30  3:16  Probe  
  31  3:23  Oracle (Chrono Boost)  
  34  3:31  Robotics Facility  
  34  3:35  Probe  
  35  3:50  Oracle (Chrono Boost), Stalker  
  40  3:57  Stalker  
  42  4:03  Probe  
  43  4:15  Probe  
  44  4:27  Immortal, Probe (Chrono Boost)  
  44  4:28  Probe (Chrono Boost)  
  52  4:38  Probe x2 (Chrono Boost)  
  52  4:40  Sentry  
  52  4:43  Probe x2 (Chrono Boost)  
  56  4:50  Gateway  
  56  4:54  Sentry, Probe x2  
  56  4:58  Assimilator  
  60  5:00  Assimilator  
  60  5:02  Pylon  
  57  5:15  Probe x2  
  57  5:18  Twilight Council  
  57  5:20  Forge  
  59  5:23  Observer  
  59  5:28  Probe x2 (Chrono Boost)  
  62  5:35  Pylon  
  62  5:37  Pylon  
  62  5:39  Probe x2 (Chrono Boost)  
  62  5:42  Pylon  
  64  5:44  Probe x2 (Chrono Boost)  
  66  5:53  Immortal  
  66  5:54  Protoss Ground Weapons Level 1 (Chrono Boost)  
  70  5:57  Charge  
  70  6:01  Probe x2  
  72  6:08  Gateway  
  72  6:11  Gateway  
  72  6:22  Gateway x2  
  72  6:25  Gateway  
  72  6:29  Templar Archives  
  72  6:33  Observer  
  72  6:35  Immortal (Chrono Boost)  
  76  6:42  Shield Battery  
  76  6:44  Zealot  
  78  6:47  Zealot  
  78  6:50  Zealot  
  82  7:02  Pylon  
  82  7:12  High Templar x2  
  82  7:13  Zealot x3  
  90  7:22  Archon  
  90  7:26  Immortal (Chrono Boost)  
  90  7:31  High Templar  
  90  7:32  High Templar, Zealot  
  90  7:36  Archon  
  88  7:48  Zealot  
  86  7:58  Zealot x2  
  86  8:02  Pylon  
  86  8:03  Pylon  
  80  8:06  Zealot x2  
  78  8:14  Pylon  
  78  8:16  Zealot  
  70  8:21  Zealot  
  70  8:22  Zealot  
  60  8:27  Zealot x2  
  60  8:34  Zealot x2  
  55  8:43  Zealot x3  
  56  8:50  Zealot x2  
  60  8:57  Pylon  
  60  9:01  Pylon  
  60  9:04  Zealot x3  
  60  9:09  Observer  
  66  9:10  Immortal (Chrono Boost), High Templar  
  66  9:11  High Templar  
  66  9:15  Archon  
  66  9:24  Zealot x3  
  66  9:25  Zealot x2  
  76  9:40  Zealot  
  76  9:42  Probe  
  76  9:44  Zealot x2  
  76  9:45  Zealot x2  
  82  9:50  Zealot  
  82  9:51  Zealot  
  84  9:55  Observer (Chrono Boost)  
  84  10:05  High Templar x5  
  92  10:08  Warp Prism (Chrono Boost)  
  92  10:09  Archon x2  
  92  10:10  Observer  
  92  10:12  High Templar  
  92  10:13  Zealot  
  98  10:17  Archon  
  98  10:19  Pylon  
  98  10:29  Photon Cannon  
  98  10:33  Zealot  
  99  10:45  High Templar x2  
  99  10:47  Nexus  
  103  10:50  Archon  
  103  10:59  Cybernetics Core  
  103  11:03  Zealot x3  
  109  11:15  Zealot x2  
  105  11:25  High Templar x2  
  107  11:26  High Templar  
  107  11:27  High Templar, Zealot  
  107  11:32  Archon x2  
  113  11:49  Pylon  
  114  11:54  Observer  
  112  12:04  Zealot x5  
  90  12:22  Zealot x2  
  76  12:26  Warp Prism  
  54  12:39  High Templar x4  
  54  12:40  Zealot  
  62  12:44  Archon x2  
  62  12:50  High Templar x2  
  65  12:57  Archon  
  64  13:03  Zealot  
  66  13:08  Zealot x4  
  75  13:12  Probe  
  75  13:13  Probe x2, Pylon  
  75  13:16  High Templar x2  
  81  13:21  Archon  
  77  13:28  Zealot x4  
  69  13:38  Zealot  
Show
View Real Time Build Order
Export as new Build Order

LiquidMaNa Protoss - Winner!

Build Orders:  

Get SALT Encoding   

  12  0:00  Probe  
  13  0:13  Probe  
  14  0:18  Pylon  
  14  0:25  Probe (Chrono Boost)  
  15  0:37  Probe (Chrono Boost)  
  15  0:38  Gateway  
  16  0:44  Probe (Chrono Boost)  
  17  0:51  Probe  
  17  0:54  Assimilator  
  18  1:03  Probe (Chrono Boost)  
  19  1:05  Assimilator  
  19  1:12  Probe (Chrono Boost), Gateway  
  19  1:17  Probe (Chrono Boost)  
  21  1:26  Cybernetics Core  
  21  1:29  Probe  
  22  1:34  Pylon  
  22  1:42  Probe  
  23  1:54  Probe  
  24  2:02  Stalker x2  
  24  2:03  Warp Gate (Chrono Boost)  
  24  2:06  Probe  
  29  2:15  Pylon  
  29  2:18  Probe  
  30  2:34  Sentry x2  
  34  2:49  Shield Battery  
  33  3:00  Stalker x2  
  33  3:03  Shield Battery  
  37  3:10  Nexus  
  37  3:14  Probe  
  38  3:27  Probe, Pylon  
  39  3:38  Twilight Council  
  39  3:47  Probe (Chrono Boost)  
  40  3:52  Robotics Facility  
  40  3:59  Probe (Chrono Boost)  
  41  4:03  Stalker  
  41  4:04  Stalker  
  41  4:07  Probe (Chrono Boost)  
  46  4:15  Blink (Chrono Boost)  
  46  4:16  Probe (Chrono Boost)  
  47  4:25  Probe (Chrono Boost)  
  47  4:28  Probe (Chrono Boost)  
  49  4:35  Probe (Chrono Boost)  
  49  4:36  Probe (Chrono Boost)  
  51  4:39  Probe (Chrono Boost)  
  51  4:40  Observer  
  51  4:42  Probe  
  54  4:51  Probe  
  54  4:52  Forge  
  55  4:54  Probe  
  55  4:57  Stalker x2  
  60  5:02  Assimilator  
  60  5:04  Assimilator  
  60  5:06  Probe  
  57  5:14  Probe  
  57  5:21  Gateway  
  58  5:23  Gateway  
  58  5:24  Gateway  
  58  5:25  Gateway  
  58  5:31  Sentry x2  
  62  5:41  Pylon  
  62  5:52  Pylon  
  62  5:59  Probe x2, Warp Prism  
  62  6:02  Stalker x2  
  70  6:04  Pylon  
  70  6:11  Probe x2  
  70  6:12  Charge (Chrono Boost)  
  72  6:23  Probe x2  
  73  6:26  Stalker x2  
  73  6:27  Stalker  
  79  6:36  Pylon  
  79  6:39  Stalker x2  
  83  6:43  Stalker  
  85  6:48  Pylon  
  85  6:51  Pylon  
  85  7:19  Stalker x6  
  91  7:45  Stalker x6  
  95  8:10  Zealot x5  
  95  8:11  Zealot  
  79  8:31  Zealot x5  
  65  8:54  Stalker x5  
  67  9:15  Nexus  
  65  9:28  Templar Archives  
  65  9:29  Stalker x3  
  71  9:38  Zealot x2  
  67  10:03  Zealot x6  
  77  10:13  Gateway  
  77  10:21  Sentry  
  77  10:22  High Templar x5  
  77  10:26  Archon x2  
  89  10:31  Shield Battery  
  89  10:32  Shield Battery  
  89  10:41  High Templar  
  91  10:43  Immortal (Chrono Boost)  
  95  10:51  High Templar  
  95  10:52  Archon, High Templar, Zealot  
  101  10:59  Archon  
  101  11:03  Forge, Probe x3  
  104  11:23  Immortal, High Templar x2  
  104  11:24  Zealot x2  
  114  11:27  Archon  
  114  11:29  Protoss Ground Weapons Level 1 (Chrono Boost)  
  114  11:30  Assimilator  
  112  11:42  Zealot x3  
  112  11:44  Pylon  
  118  11:47  Photon Cannon  
  118  12:02  Observer  
  118  12:04  Zealot x5  
  91  12:17  Zealot x2  
  70  12:24  Zealot x3  
  70  12:25  Probe  
  73  12:31  Probe  
  73  12:32  Probe  
  75  12:39  High Templar x4  
  75  12:43  Archon  
  75  12:44  Archon  
  81  12:48  Zealot x2  
  85  13:00  Observer (Chrono Boost)  
  86  13:10  High Templar x2  
  86  13:11  Zealot  
  86  13:12  Zealot x2  
  96  13:13  Zealot  
  96  13:14  Archon  
  80  13:36  Zealot x5  
Tags
 
Add a new tag
Caveats
  • Supply blocks, unpowered buildings, or Contaminate may cause inaccurate times.
  • Supply counts are checked every 10 seconds.